Map: Rifts to Korhal

Players

BunnyLove

  • Race: Terran Terran

Tenno

  • Race: Protoss Protoss
  • Spawn Location: 7:00

VOD

Have the link to the VOD?

Description

Time

  • Played on: March 18, 2018, 11:24 a.m.
  • Length: 14:04
Show
View Real Time Build Order
Export as new Build Order

BunnyLove Terran 

Build Orders:  

Get SALT Encoding   

  12  0:05  Starport Tech Lab  
  12  0:08  SCV  
  13  0:25  Supply Depot, SCV  
  15  0:42  SCV  
  16  1:00  SCV  
  16  1:02  Assault Galleon  
  16  1:17  SCV  
  18  1:34  SCV  
  19  1:51  SCV  
  19  2:05  Command Center  
  19  2:08  SCV  
  20  2:16  Refinery  
  20  2:24  Reaper  
  20  2:25  SCV  
  20  2:29  Refinery  
  22  2:36  Reaper  
  24  2:42  SCV  
  24  2:48  Reaper  
  25  2:59  SCV  
  26  3:06  Reaper  
  27  3:13  Supply Depot  
  27  3:16  SCV  
  29  3:33  SCV  
  29  3:37  Engineering Bay  
  30  3:50  SCV  
  30  3:55  Command Center  
  31  4:00  SCV  
  31  4:07  SCV, Assault Galleon  
  32  4:17  SCV  
  34  4:24  SCV  
  34  4:28  Assault Galleon  
  34  4:37  SCV  
  36  4:42  SCV  
  36  4:47  Jetpack Overdrive  
  36  4:57  SCV  
  38  5:01  SCV  
  39  5:14  SCV  
  39  5:17  Assault Galleon  
  39  5:18  SCV  
  40  5:20  Reaper  
  40  5:22  Reaper  
  43  5:31  SCV  
  43  5:37  SCV  
  44  5:40  Assault Galleon  
  44  5:50  LE9 Cluster Charges  
  44  5:51  Reaper  
  44  5:52  Reaper x2  
  49  6:02  Reaper, SCV  
  49  6:03  SCV  
  49  6:05  Theia Raven  
  52  6:12  Reaper  
  53  6:22  Reaper  
  53  6:32  Reaper  
  53  6:36  Reaper  
  53  6:37  Reaper x2  
  57  6:42  Reaper  
  57  6:44  Reaper, Supply Depot  
  57  6:46  Reaper x2  
  57  6:47  Reaper  
  62  7:01  Supply Depot  
  62  7:14  Reaper x5  
  62  7:19  SCV x2  
  68  7:24  Reaper x3  
  69  7:33  Reaper x2  
  69  7:34  Reaper x3  
  69  7:36  SCV  
  75  7:43  Reaper x2  
  75  7:44  Reaper x3  
  80  7:53  Reaper x2  
  80  7:57  Reaper x3  
  84  8:03  Reaper x2  
  84  8:06  Reaper  
  84  8:07  Reaper x2  
  88  8:13  Reaper  
  88  8:17  Reaper x2  
  88  8:19  Reaper x2  
  93  8:23  Reaper  
  93  8:29  Supply Depot  
  94  8:30  Supply Depot  
  93  8:40  Reaper  
  94  8:59  Reaper x5  
  99  9:09  Reaper x5  
  104  9:17  Supply Depot  
  104  9:18  SCV x2  
  104  9:19  Reaper x4  
  110  9:25  Reaper  
  110  9:29  Reaper x2  
  113  9:36  Theia Raven  
  112  9:47  Theia Raven  
  106  10:00  Reaper x5  
  110  10:10  Reaper x4  
  110  10:16  Reaper  
  110  10:19  Reaper  
  114  10:20  Reaper x3  
  114  10:26  Reaper  
  114  10:29  Reaper  
  118  10:30  Reaper x3  
  118  10:36  Reaper  
  118  10:39  Reaper  
  121  10:40  Reaper x3  
  121  10:46  Reaper  
  121  10:49  Reaper  
  118  10:50  Reaper x3  
  118  10:56  Reaper  
  118  10:59  Reaper  
  123  11:00  Reaper x3  
  123  11:06  Reaper  
  123  11:09  Reaper  
  124  11:15  Reaper  
  124  11:16  Reaper x3  
  124  11:19  Reaper  
  128  11:26  Reaper  
  128  11:27  Reaper  
  133  11:30  Reaper  
  133  11:34  Reaper x2  
  133  11:36  Reaper  
  133  11:37  Reaper  
  135  11:40  Reaper  
  135  11:44  Reaper x2  
  135  11:46  Reaper  
  135  11:47  Reaper  
  140  11:50  Reaper  
  140  11:54  Reaper  
  141  12:07  Reaper x2  
  141  12:08  Reaper  
  140  12:13  Reaper x2  
  140  12:17  Theia Raven  
  142  12:26  Reaper x2  
  142  12:30  Reaper  
  142  12:31  Reaper  
  142  12:36  Reaper x2  
  139  12:40  Reaper  
  139  12:41  Reaper  
  139  12:45  Reaper  
  139  12:46  Reaper  
  137  12:50  Reaper  
  137  12:51  Reaper  
  137  12:55  Reaper x2  
  129  13:00  Reaper  
  129  13:01  Reaper  
  129  13:05  Reaper  
  129  13:07  Reaper  
  129  13:10  Reaper  
  129  13:11  Reaper  
  129  13:15  Reaper  
  129  13:17  Reaper  
  129  13:19  Reaper  
  117  13:21  Reaper  
  117  13:25  Reaper  
  117  13:27  Reaper  
  117  13:29  Reaper  
  105  13:30  Deimos Viking  
  105  13:31  Reaper  
  105  13:35  Reaper  
  105  13:37  Reaper  
  105  13:39  Reaper  
  107  13:40  Reaper  
Show
View Real Time Build Order
Export as new Build Order

Tenno Protoss 

Build Orders:  

Get SALT Encoding   

  12  0:03  Probe (Chrono Boost)  
  13  0:23  Probe (Chrono Boost)  
  14  0:36  Probe (Chrono Boost)  
  15  1:03  Pylon  
  15  1:13  Pylon  
  15  1:38  Probe (Chrono Boost)  
  16  1:51  Probe (Chrono Boost)  
  17  2:05  Probe (Chrono Boost)  
  18  2:19  Probe (Chrono Boost)  
  19  2:33  Probe (Chrono Boost)  
  20  2:47  Probe (Chrono Boost)  
  21  3:01  Probe (Chrono Boost)  
  22  3:15  Probe (Chrono Boost)  
  23  3:41  Pylon  
  23  4:05  Probe (Chrono Boost)  
  24  4:19  Probe (Chrono Boost)  
  25  4:33  Probe (Chrono Boost)  
  26  4:47  Probe (Chrono Boost)  
  27  5:01  Probe (Chrono Boost)  
  28  6:49  Probe (Chrono Boost)  
  29  7:03  Probe (Chrono Boost)  
  30  7:17  Probe (Chrono Boost)  
Tags
 
Commander
FenixHorner
Matchup
Co-op
Replay Pack
Co-op Speedrun
Add a new tag
Caveats
  • Supply blocks, unpowered buildings, or Contaminate may cause inaccurate times.
  • Supply counts are checked every 10 seconds.